 Dungeon Sprint DCSS version 0.29-a0-23-ga79f92ac9c (webtiles) character file.

Game seed: 9213058000720371587

299 enile the Protected (level 6, 0/57 HPs)
             Began as a Minotaur Fighter on Jan 30, 2022.
             Slain by Sonja (7 damage)
             ... in the Dungeon (Sprint I: "Red Sonja").
             The game lasted 00:00:55 (386 turns).

enile the Protected (Minotaur Fighter)               Turns: 386, Time: 00:00:55

Health: 0/57       AC:  4    Str: 23    XL:     6   Next: 13%
Magic:  5/5        EV: 10    Int:  5    God:
Gold:   81         SH:  6    Dex:  9    Spells: 5/5 levels left

rFire   . . .      SeeInvis .   a - +0 flail
rCold   . . .      Faith    .   c - +0 buckler
rNeg    . . .      Spirit   .   b - +0 scale mail
rPois   .          Reflect  .   (helmet restricted)
rElec   .          Harm     .   (no cloak)
rCorr   .          Rampage  .   (no gloves)
Will    .....      NoTele   +   (no boots)
Stlth   ..........              (no amulet)
HPRegen 0.19/turn               (no ring)
MPRegen 0.09/turn               (no ring)

@: mighty, corroded
A: horns 2, retaliatory headbutt
a: no special abilities


You were in the Dungeon.
You visited 1 branch You collected 81 gold pieces.

Inventory:

Hand Weapons
 a - a +0 flail (weapon)
Armour
 b - a +0 scale mail (worn)
 c - a +0 buckler (worn)
Jewellery
 d - a ring of positive energy
Wands
 i - a wand of flame (21)
Scrolls
 j - a scroll of blinking
Potions
 e - a potion of curing
 f - a potion of heal wounds
 g - a potion of haste
 h - 2 potions of magic


   Skills:
 - Level 6.0 Fighting
 - Level 5.0 Maces & Flails
 + Level 10.5 Armour
 + Level 1.8 Dodging
 + Level 0.5 Stealth
 + Level 10.2 Shields


You had 5 spell levels left.
You didn't know any spells.
Your spell library was empty.

Dungeon Overview and Level Annotations

Branches:
Dungeon (1/1)

Altars:
Sif Muna
Vehumet
Wu Jian

Annotations:
D Sonja


Innate Abilities, Weirdness & Mutations

You have a pair of horns on your head.
You reflexively headbutt those who attack you in melee.


Message History

You open the door.
Found an ivory ring and 26 arrows.
Found a shimmering blue altar of Sif Muna.
A jelly comes into view.
Found an ornate altar of the Wu Jian Council.
The jelly quivers.
There is an open door here.
Found a radiant altar of Vehumet.
You see here a ring of positive energy.
d - a ring of positive energy You sock the jelly!
The acid corrodes you!
Your hands burn!
The jelly is almost dead.
You block the jelly's attack.
You hit the jelly.
You kill the jelly!
Your Shields skill increases to level 10!
You see here 26 arrows.
You open the door.
Sonja, the Graceful Assassin comes into view.
She is wielding a +2 dagger of distortion and quivering curare-tipped darts.
Sonja shouts!
Sonja throws a curare-tipped dart.
You block the curare-tipped dart.
Found 108 gold pieces.
There is an open door here.
You barely miss Sonja. Your headbutt misses Sonja.
Sonja hits you with a +2 dagger of distortion.
Space warps horribly around you!! You block Sonja's attack. x2
Sonja hits you with a +2 dagger of distortion.
Space warps around you.
Sonja hits you with a +2 dagger of distortion.
* * * LOW HITPOINT WARNING * * *
Sonja hits you with a +2 dagger of distortion.
* * * LOW HITPOINT WARNING * * *
Space warps around you.
* * * LOW HITPOINT WARNING * * *
You closely miss Sonja. Your headbutt misses Sonja.
Sonja hits you with a +2 dagger of distortion.
* * * LOW HITPOINT WARNING * * *
You block Sonja's attack.
Sonja hits you with a +2 dagger of distortion!
You die...

#<.#..)..#..'.$#
#..').#..').#.$+
#..#####'#####'#
#..# #$.# #.#
#..# #### ##(#
#..# #+#_.+ #⌠⌠#
+..._# ####
#_.#+# ##@# #K#
$.$ #$.$# ##.##
#+#


You could see Sonja.

Vanquished Creatures
  Sigmund (D)
  An ogre (D)
  A jelly (D)
  Ijyb (D)
4 creatures vanquished.

Notes
Turn   | Place    | Note
-------+----------+-------------------------------------------
     0 | D        | enile the Minotaur Fighter began the quest for the Orb.
     0 | D        | Reached XP level 1. HP: 19/19 MP: 0/0
     1 | D        | Noticed Ijyb
    11 | D        | Killed Ijyb
    12 | D        | Reached skill level 5 in Fighting
    12 | D        | Reached skill level 5 in Shields
    12 | D        | Reached XP level 2. HP: 11/29 MP: 1/1
   348 | D        | Noticed an ogre
   351 | D        | Killed an ogre
   352 | D        | Reached skill level 5 in Maces & Flails
   352 | D        | Reached skill level 1 in Dodging
   352 | D        | Reached XP level 3. HP: 37/37 MP: 2/2
   352 | D        | Reached XP level 4. HP: 44/44 MP: 3/3
   355 | D        | Noticed Sigmund
   358 | D        | Killed Sigmund
   359 | D        | Reached skill level 10 in Armour
   359 | D        | Reached XP level 5. HP: 50/50 MP: 4/4
   359 | D        | Reached XP level 6. HP: 57/57 MP: 5/5
   373 | D        | Found a shimmering blue altar of Sif Muna.
   374 | D        | Found an ornate altar of the Wu Jian Council.
   375 | D        | Found a radiant altar of Vehumet.
   379 | D        | Reached skill level 10 in Shields
   383 | D        | Noticed Sonja
   386 | D        | Slain by Sonja

Illustrated notes

Levels and vault maps discovered:
D:        dungeon_sprint_1 [red_sonja_temple_1, red_sonja_temple_small_1]

Skill      XL: |  1  2  3  4  5  6 |
---------------+-------------------+-----
Fighting       | 5 6 |  6.0
Maces & Flails | 4 5 |  5.0
Armour         | 4 7 10 | 10.5
Shields        | 5 7 9 10 | 10.2
Dodging        | 1 |  1.8
Stealth        | |  0.5

Action                   |  1- 3 |  4- 6 || total
-------------------------+-------+-------++-------
Melee: Flail             |    10 |     6 ||    16
       Headbutt          |       |     2 ||     2
  Use: Potion            |     2 |       ||     2
Armor: Scale mail        |     3 |       ||     3
Dodge: Dodged            |     5 |       ||     5
Block: Buckler           |     1 |     5 ||     6

Table legend: (Time is in decaauts)
 A = Elapsed time spent in this place.
 B = Non-inter-level travel time spent in this place.
 C = Inter-level travel time spent in this place.
 D = Time resting spent in this place.
 E = Time spent auto-exploring this place.
 F = Levels seen in this place.
 G = Mean time per level.
                   A        B        C        D        E       F      G
               +--------+--------+--------+--------+--------+-----+--------+
         Total |    399 |    399 |      0 |    338 |      3 |   1 |  399.0 |
       Dungeon |    399 |    399 |      0 |    338 |      3 |   1 |  399.0 |
               +--------+--------+--------+--------+--------+-----+--------+

Top non-repeatable levels by time:
       D: 399 daAuts
